 Dungeon Crawl Stone Soup version 0.31-a0-771-g505c3d19dc (webtiles) character file.

Game seed: 2302101125084393547

7 MackTheKnife the Caller (level 2, 20/20 HPs)
             Began as a Meteoran Wanderer on Sept 16, 2023.
             Was a Follower of Okawaru.
             Quit the game on level 1 of the Dungeon.
             The game lasted 00:00:45 (106 turns).

MackTheKnife the Caller (Meteoran Wanderer)          Turns: 106, Time: 00:00:45

Health: 20/20      AC:  3    Str: 10    XL:     2   Next: 23%
Magic:  6/6        EV: 12    Int: 15    God:    Okawaru [*.....]
Gold:   0          SH:  0    Dex: 14    Spells: 4/5 levels left

rFire   . . .        a - +0 falchion {long}
rCold   . . .        (no shield)
rNeg    . . .        d - +0 robe
rPois   .            b - +0 helmet
rElec   .            (no cloak)
rCorr   .            (no gloves)
SInv    .            (no boots)
Will    .....        (no amulet)
Stlth   +            (no ring)
HPRegen 0.23/turn    (no ring)
MPRegen 0.10/turn

%: no passive effects
@: glowing
A: sense surroundings 1, otherworldly, glowing, explore regen
a: Renounce Religion, Heroism


You were on level 1 of the Dungeon.
You worshipped Okawaru.
Okawaru was aware of your devotion.
You visited 1 branch of the dungeon, and saw 1 of its levels.


Innate Abilities, Weirdness & Mutations

You passively map a small area around you.
You are easily found by Zot.
You glow in the dark.
You regain HP and MP as you explore.


   Skills:
 - Level 2.4 Long Blades
 - Level 1.2 Throwing
 - Level 2.1 Dodging
 + Level 2.0 Spellcasting
 + Level 5.1 Summonings


You had 4 spell levels left.
You knew the following spells:

 Your Spells              Type           Power      Damage    Failure   Level
a - Summon Small Mammal   Summ           64%        N/A       2%          1

Your spell library contained the following spells:

 Spells                   Type           Power      Damage    Failure   Level
 Call Imp                 Summ           Unusable   N/A       N/A         2
 Animate Armour           Summ/Erth      Unusable   N/A       N/A         4

Inventory:

Hand Weapons
 a - a +0 falchion (weapon) {long}
Armour
 b - a +0 helmet (worn)
 d - a +0 robe (worn)
Scrolls
 c - a scroll of blinking {!r}
Potions
 e - a potion of lignification {unknown}

Dungeon Overview and Level Annotations

Branches:
Dungeon (1/15) Zot: 489

Altars:
Okawaru

, #.# , #_#
#.# * , #>#
,* #.# , *
,* #.# , , *
#.# #.# #@#
,#..........
###########
*


There were no monsters in sight!


Message History

You are too injured to fight recklessly!
You closely miss the hobgoblin. The hobgoblin barely misses you.
You hit the hobgoblin. The hobgoblin closely misses you.
The hobgoblin misses you.
You barely miss the hobgoblin. The hobgoblin barely misses you.
The quokka misses you. 😕 HP[+1]
The quokka attacks as it pursues you! The quokka closely misses you.
You hit the quokka. The quokka closely misses you.
The quokka bites you. 😮 HP[-1]
You take 1 damage, and now have 10/14 hp.
You barely miss the quokka. The quokka misses you.
You hit the quokka but do no damage. The quokka misses you.
The quokka closely misses you. 😕 HP[+1]
You closely miss the quokka.
The quokka bites you but does no damage.
You hit the quokka. The quokka completely misses you.
You hit the quokka.
You kill the quokka!
You closely miss the ball python. The ball python bites you.
The ball python grabs you. The ball python constricts you.
The ball python bites you.
The ball python constricts you. 😮 HP[-2]
You take 2 damage, and now have 9/14 hp.
You barely miss the ball python. The ball python barely misses you.
The ball python constricts you. 😮 HP[-1]
You take 1 damage, and now have 8/14 hp.
You hit the ball python.
You kill the ball python!
Your Summonings skill increases to level 5!
Unknown command.
You completely miss the goblin. The goblin hits you with a +0 club.
* * * LOW HITPOINT WARNING * * *
The hobgoblin hits you but does no damage. 😨 HP[-2]
You take 2 damage, and now have 6/14 hp.
You hit the hobgoblin.
You kill the hobgoblin!
The goblin hits you with a +0 club.
* * * LOW HITPOINT WARNING * * *
You have reached level 2! 😨 HP[+1]
You now have 20 max hp (+6).
You hit the goblin.
You kill the goblin!
Your Spellcasting skill increases to level 2!
Things that are here:
a +0 club {mace}; a goblin corpse 😨 HP[+1] 😨 MP[+1] 😨 HP[+1] 😮 HP[+2]
You regained 2 hp, and now have 11/20 hp.
Found a stone staircase leading down. 😮 HP[+1] MP[+2]
Your mp is fully restored (6).
There is a stone staircase leading down here. 😮 HP[+1]
A rat comes into view. 😕 HP[+5]
You regained 5 hp, and now have 18/20 hp.
A rat is nearby!
A rat is nearby! 😕 HP[+1] 😎 HP[+1]
Your hp is fully restored (20).
The rat bites you but does no damage.
You barely miss the rat. The rat bites you. 😕 HP[-1]
You take 1 damage, and now have 19/20 hp.
You closely miss the rat. The rat bites you. 😕 HP[-1]
You take 1 damage, and now have 18/20 hp.
You barely miss the rat. The rat bites you but does no damage.
The rat completely misses you. 😕 HP[+1]
You hit the rat but do no damage. The rat bites you. 😕 HP[-1]
You take 1 damage, and now have 18/20 hp.
You hit the rat.
You kill the rat!
You see here a rat corpse. 😕 HP[+1]
Found a faded altar of an unknown god. 😎 HP[+1]
Your hp is fully restored (20).
Found an escape hatch in the floor.
There is a faded altar of an unknown god here.
This altar belongs to (a) Okawaru, (b) Elyvilon or (c) Yredelemnul, but you can't tell which.
Press the corresponding letter to learn more about a god, or press enter to convert or escape to cancel.
Okawaru accepts your prayer! Okawaru welcomes you!
You can now gain great but temporary skills.
You cannot memorise any of the available spells.
You cannot memorise any of the available spells.
There is an escape hatch in the floor here.
You cannot memorise any of the available spells.
Are you sure you want to abandon this character and quit the game? (Confirm with "yes".)

Skill      XL: |  1  2 |
---------------+-------+-----
Summonings     | 5 |  5.1
Spellcasting   | 2 |  2.0
Long Blades    | |  2.4
Throwing       | |  1.2
Dodging        | |  2.1

Action                     || total
---------------------------++-------
  Melee: Falchion          ||    24
 Armour: Robe              ||    14
  Dodge: Dodged            ||    17

Levels and vault maps discovered:
D:1:      lemuel_arrival_room, layout_basic, basic_ecumenical_altar

Notes
Turn   | Place    | Note
-------+----------+-------------------------------------------
     0 | D:1      | MackTheKnife the Meteoran Wanderer began the quest for the
                  | Orb.
     0 | D:1      | MackTheKnife set off with the following items: a +0
                  | falchion {long}, a +0 helmet, a scroll of blinking {!r}, a
                  | +0 robe; and the following spell memorised: Summon Small
                  | Mammal; and the following spells available to memorise:
                  | Call Imp, Animate Armour.
     0 | D:1      | Reached XP level 1. HP: 14/14 MP: 3/3
     0 | D:1      | magus.rc [v1.9.6]
    41 | D:1      | Reached skill level 5 in Summonings
    43 | D:1      | Reached XP level 2. HP: 7/20 MP: 3/5
    44 | D:1      | Reached skill level 2 in Spellcasting
    90 | D:1      | Found a faded altar of an unknown god.
    98 | D:1      | Prayed at the altar of an unknown god.
    98 | D:1      | Became a worshipper of Warmaster Okawaru
    98 | D:1      | Reached * piety under Okawaru
   106 | D:1      | Quit the game

Vanquished Creatures
  A ball python (D:1)
  A bat (D:1)
  A goblin (D:1)
  A hobgoblin (D:1)
  A quokka (D:1)
  A rat (D:1)
6 creatures vanquished.

Table legend:
 A = Non-vault XP
 B = Vault XP
 C = Vault XP percentage of total XP
 D = Non-vault monster count
 E = Vault monster count
 F = Vault count percentage of total count
                 A         B        C        D         E       F
            +---------+---------+-------+---------+---------+-------
      Total |      11 |       0 |   0.0 |       6 |       0 |   0.0
            +---------+---------+-------+---------+---------+-------
        D:1 |      11 |       0 |   0.0 |       6 |       0 |   0.0
            +---------+---------+-------+---------+---------+-------

Skill      XL: |  1  2 |
---------------+-------+-----
Summonings     | 5 |  5.1
Spellcasting   | 2 |  2.0
Long Blades    | |  2.4
Throwing       | |  1.2
Dodging        | |  2.1

Action                     || total
---------------------------++-------
  Melee: Falchion          ||    24
 Armour: Robe              ||    14
  Dodge: Dodged            ||    17

Illustrated notes

Table legend:
 A = Kills in this place as a percentage of kills in the entire game.
 B = Kills by you in this place as a percentage of kills by you in the entire game.
 C = Kills by friends in this place as a percentage of kills by friends in the entire game.
 D = Other kills in this place as a percentage of other kills in the entire game.
 E = Experience gained in this place as a percentage of experience gained in the entire game.
 F = Experience gained in this place divided by the number of levels of this place that you have seen.
                   A       B       C       D       E      F
               +-------+-------+-------+-------+-------+----------------------
         Total | 100.0 | 100.0 |   N/A |   N/A | 100.0 |  11.0
       Dungeon | 100.0 | 100.0 |   N/A |   N/A | 100.0 |  11.0
               +-------+-------+-------+-------+-------+----------------------

Table legend: (Time is in decaauts)
 A = Elapsed time spent in this place.
 B = Non-inter-level travel time spent in this place.
 C = Inter-level travel time spent in this place.
 D = Time resting spent in this place.
 E = Time spent auto-exploring this place.
 F = Levels seen in this place.
 G = Mean time per level.
                   A        B        C        D        E       F      G
               +--------+--------+--------+--------+--------+-----+--------+
         Total |    110 |    110 |      0 |      0 |     16 |   1 |  110.0 |
       Dungeon |    110 |    110 |      0 |      0 |     16 |   1 |  110.0 |
               +--------+--------+--------+--------+--------+-----+--------+

Top non-repeatable levels by time:
     D:1: 110 daAuts
